Map: Ruins of Seras

Players

PinheadLarry (Astrea)

  • Race: Protoss Protoss
  • League: Diamond

Tefel - Winner!

  • Race: Zerg Zerg
  • League: Diamond

Event: ASL Season 5 Prime League LOTV Beta

VOD

Have the link to the VOD?

Description

Time

  • Played on: Sept. 5, 2015, 11:06 p.m.
  • Length: 13:57

All games in this series

Show
View Real Time Build Order
Export as new Build Order

PinheadLarry Protoss 

Build Orders: 1 Gate Expand 

Get SALT Encoding   

  12  0:00  Probe (Chrono Boost)  
  13  0:10  Probe (Chrono Boost)  
  14  0:18  Pylon  
  14  0:21  Probe (Chrono Boost)  
  15  0:35  Probe (Chrono Boost)  
  15  0:37  Gateway  
  16  0:46  Probe (Chrono Boost), Assimilator  
  17  0:56  Probe (Chrono Boost)  
  18  1:06  Probe (Chrono Boost)  
  19  1:19  Nexus  
  19  1:30  Cybernetics Core  
  19  1:33  Probe (Chrono Boost)  
  20  1:43  Probe (Chrono Boost)  
  21  1:51  Assimilator  
  21  1:52  Pylon, Warp Gate (Chrono Boost)  
  21  1:53  Probe (Chrono Boost)  
  22  2:03  Probe (Chrono Boost)  
  23  2:10  Adept  
  25  2:17  Mothership Core (Chrono Boost)  
  27  2:35  Probe (Chrono Boost)  
  28  2:37  Stalker, Probe (Chrono Boost)  
  31  2:47  Probe x2 (Chrono Boost)  
  33  2:53  Pylon x2  
  35  3:01  Gateway  
  33  3:05  Gateway  
  33  3:08  Sentry  
  33  3:11  Probe (Chrono Boost)  
  36  3:17  Probe (Chrono Boost)  
  37  3:20  Pylon  
  37  3:21  Probe (Chrono Boost)  
  38  3:29  Probe (Chrono Boost)  
  38  3:31  Probe (Chrono Boost), Pylon  
  41  3:41  Probe (Chrono Boost)  
  41  3:42  Probe (Chrono Boost)  
  44  3:51  Probe (Chrono Boost)  
  44  3:54  Probe (Chrono Boost)  
  46  3:58  Sentry  
  46  4:00  Pylon  
  46  4:02  Probe (Chrono Boost)  
  47  4:05  Pylon  
  47  4:06  Sentry x2, Probe (Chrono Boost)  
  52  4:12  Probe (Chrono Boost)  
  52  4:18  Probe (Chrono Boost)  
  52  4:19  Forge  
  52  4:22  Probe (Chrono Boost), Zealot  
  52  4:23  Pylon  
  53  4:30  Probe (Chrono Boost), Pylon  
  54  4:32  Probe (Chrono Boost)  
  54  4:37  Robotics Facility  
  55  4:40  Sentry x2, Protoss Ground Weapons Level 1  
  55  4:41  Probe (Chrono Boost)  
  55  4:42  Probe (Chrono Boost)  
  61  4:47  Assimilator  
  61  4:49  Assimilator  
  61  4:51  Probe (Chrono Boost)  
  61  4:52  Probe (Chrono Boost)  
  63  5:00  Pylon  
  63  5:01  Probe (Chrono Boost)  
  63  5:03  Pylon  
  64  5:11  Sentry  
  64  5:13  Zealot x2, Photon Cannon  
  70  5:20  Pylon  
  70  5:24  Immortal (Chrono Boost)  
  74  5:33  Pylon  
  74  5:35  Zealot x3  
  80  5:58  Immortal (Chrono Boost)  
  84  6:04  Nexus  
  84  6:13  Zealot  
  84  6:14  Zealot x2  
  84  6:15  Protoss Ground Armor Level 1  
  90  6:20  Pylon  
  90  6:22  Probe x2, Pylon  
  92  6:31  Observer (Chrono Boost)  
  92  6:32  Twilight Council  
  93  6:34  Probe x2  
  95  6:46  Probe x2  
  95  6:47  Zealot  
  97  6:55  Zealot x2  
  97  6:58  Probe x2  
  101  7:10  Photon Cannon  
  101  7:16  Stalker  
  101  7:17  Stalker x2, Stargate  
  101  7:21  Probe x2  
  102  7:33  Probe x2  
  98  7:44  Gateway, Stargate  
  97  7:45  Stalker x2, Probe x2, Gateway  
  97  7:46  Stalker  
  97  7:50  Pylon  
  103  7:57  Probe x2  
  100  8:01  Phoenix  
  102  8:07  Pylon  
  102  8:08  Protoss Ground Armor Level 2  
  102  8:11  Blink  
  100  8:23  Pylon  
  100  8:26  Pylon  
  100  8:27  Stalker  
  100  8:29  Pylon  
  102  8:34  Pylon  
  102  8:38  Pylon  
  102  8:42  Phoenix (Chrono Boost)  
  102  8:43  Phoenix (Chrono Boost)  
  103  9:04  Phoenix (Chrono Boost)  
  103  9:05  Phoenix (Chrono Boost)  
  107  9:14  Pylon  
  107  9:15  Pylon  
  101  9:19  Stalker x3  
  103  9:25  Phoenix (Chrono Boost)  
  103  9:26  Phoenix (Chrono Boost)  
  107  9:37  Protoss Air Weapons Level 1  
  107  9:39  Nexus, Photon Cannon  
  105  9:46  Phoenix (Chrono Boost)  
  105  9:52  Phoenix (Chrono Boost)  
  107  10:07  Phoenix (Chrono Boost)  
  107  10:13  Phoenix (Chrono Boost)  
  103  10:27  Phoenix (Chrono Boost)  
  95  10:32  Nexus  
  89  10:40  Phoenix (Chrono Boost)  
  91  10:59  Templar Archives  
  91  11:02  Pylon  
  91  11:03  Pylon  
  91  11:07  Pylon x2  
  91  11:15  Mothership Core  
  93  11:26  Phoenix (Chrono Boost)  
  93  11:30  Nexus  
  95  11:53  Sentry x3, Stalker  
  95  11:54  Stalker  
  101  12:06  Photon Cannon  
  101  12:07  Photon Cannon  
  99  12:12  Probe x2  
  101  12:19  Sentry  
  101  12:20  Sentry  
  101  12:21  Sentry  
  107  12:30  Sentry x2  
  106  12:47  Sentry x2  
  106  12:48  Sentry  
  96  13:17  Sentry x3  
  70  13:26  Sentry  
  70  13:27  Sentry x2, Stalker x2  
Show
View Real Time Build Order
Export as new Build Order

Tefel Zerg - Winner!

Build Orders: 3 Hatch before Pool 

Get SALT Encoding   

  12  0:01  Drone  
  13  0:08  Drone  
  14  0:17  Overlord  
  14  0:23  Extractor  
  14  0:24  Drone  
  15  0:36  Drone x2  
  17  0:55  Hatchery, Drone  
  17  0:58  Drone  
  18  1:23  Hatchery  
  17  1:31  Spawning Pool  
  16  1:33  Drone  
  16  1:35  Extractor  
  16  1:38  Drone  
  17  1:41  Drone  
  17  1:45  Drone  
  19  1:55  Drone  
  20  2:05  Drone  
  21  2:09  Drone  
  22  2:17  Drone  
  22  2:18  Drone, Queen  
  22  2:20  Queen  
  28  2:27  Overlord  
  28  2:34  Metabolic Boost  
  28  2:36  Drone  
  29  2:38  Zergling x2  
  29  2:40  Drone  
  29  2:44  Drone  
  32  2:46  Zergling x2  
  33  2:52  Spine Crawler, Zergling x2  
  33  2:55  Zergling x2  
  33  2:58  Zergling x2  
  35  3:00  Zergling x2  
  35  3:01  Zergling x2  
  37  3:07  Zergling x2  
  38  3:13  Zergling x4  
  40  3:22  Overlord, Zergling x4  
  39  3:28  Drone x3  
  39  3:32  Overlord  
  41  3:37  Overlord  
  41  3:43  Zergling x6  
  41  3:44  Zergling x2  
  41  3:46  Zergling x4  
  47  3:53  Zergling x2  
  48  3:58  Drone x2  
  48  3:59  Drone  
  51  4:03  Drone x2  
  51  4:04  Drone x3  
  56  4:15  Drone x4  
  56  4:16  Lair  
  59  4:19  Extractor x2  
  59  4:21  Drone  
  56  4:25  Drone x2  
  56  4:27  Drone  
  56  4:29  Drone x3  
  62  4:33  Queen  
  62  4:36  Drone x2  
  66  4:40  Extractor  
  66  4:42  Drone x3  
  66  4:51  Overlord  
  66  4:55  Extractor  
  66  4:57  Extractor  
  64  5:02  Drone x2  
  64  5:04  Overlord  
  66  5:11  Drone x3  
  66  5:12  Drone  
  66  5:13  Drone x4  
  74  5:18  Drone, Spire  
  74  5:23  Overlord  
  74  5:24  Drone x2  
  76  5:32  Overlord  
  76  5:35  Drone x3  
  79  5:39  Zergling x2  
  79  5:40  Spine Crawler, Zergling x2  
  79  5:41  Spine Crawler, Zergling x14  
  85  5:47  Spine Crawler  
  84  5:51  Zergling x6  
  74  6:20  Zergling x4  
  74  6:21  Overlord  
  74  6:22  Zergling x2  
  77  6:29  Mutalisk x9  
  95  6:34  Mutalisk  
  97  6:40  Overlord  
  97  6:44  Overlord  
  93  6:47  Hatchery, Overlord, Zergling x2  
  93  6:48  Zergling x8  
  93  6:49  Zergling x4  
  93  6:51  Mutalisk  
  93  6:52  Mutalisk  
  101  6:59  Mutalisk  
  103  7:04  Mutalisk x2  
  107  7:09  Mutalisk x2  
  107  7:10  Evolution Chamber  
  107  7:11  Zergling x2  
  110  7:18  Mutalisk  
  107  7:28  Mutalisk  
  107  7:29  Overlord, Zergling x16  
  104  7:37  Mutalisk  
  104  7:39  Zergling x2  
  104  7:40  Overlord, Queen  
  109  7:46  Mutalisk  
  109  7:47  Zergling x2  
  109  7:48  Zergling x6  
  109  7:49  Zergling x4  
  109  7:50  Extractor  
  116  7:52  Zergling x2  
  116  7:57  Mutalisk  
  118  7:59  Zergling x2  
  118  8:01  Zergling x2  
  120  8:10  Zergling x2  
  121  8:13  Mutalisk x2  
  121  8:15  Zergling x4  
  121  8:18  Mutalisk  
  121  8:19  Overlord, Zergling x8  
  133  8:20  Drone  
  133  8:24  Mutalisk, Drone  
  133  8:25  Drone x3  
  140  8:30  Drone  
  140  8:34  Mutalisk  
  141  8:37  Drone x2  
  145  8:43  Mutalisk x2  
  145  8:45  Drone x3  
  145  8:46  Overlord  
  152  8:50  Drone x6  
  152  8:55  Zerg Ground Armor Level 1  
  158  9:06  Mutalisk x2  
  158  9:07  Zergling x8  
  160  9:18  Mutalisk x2  
  160  9:23  Zergling x16  
  160  9:24  Zergling x6  
  163  9:27  Overlord, Extractor x2  
  163  9:28  Zergling x2  
  163  9:29  Corruptor  
  164  9:33  Corruptor  
  166  9:43  Corruptor x2  
  166  9:50  Corruptor  
  166  9:52  Zergling x14  
  173  10:00  Corruptor, Zergling x2  
  173  10:03  Overlord x4  
  176  10:08  Overlord  
  176  10:11  Zergling x4  
  170  10:18  Corruptor x3  
  170  10:19  Zergling x2  
  170  10:20  Zergling x2  
  156  10:21  Zergling x4  
  156  10:24  Corruptor  
  124  10:29  Corruptor  
  124  10:31  Zergling x6  
  124  10:33  Zergling x4  
  110  10:37  Drone x3  
  111  10:43  Drone x2  
  111  10:44  Hydralisk Den  
  111  10:45  Corruptor  
  111  10:48  Zergling x4  
  114  10:52  Zergling x10  
  119  11:00  Drone x3  
  122  11:13  Overlord  
  122  11:14  Zerg Missile Weapons Level 1  
  121  11:22  Hydralisk x9  
  132  11:29  Muscular Augments  
  132  11:30  Hydralisk  
  133  11:35  Hydralisk x2  
  133  11:38  Hydralisk x2  
  139  11:40  Hydralisk  
  139  11:41  Hydralisk  
  139  11:43  Hydralisk  
  143  11:48  Hydralisk x2  
  143  11:51  Hydralisk  
  143  11:53  Hydralisk  
  151  11:55  Zergling x4  
  151  11:59  Hydralisk  
  151  12:01  Hydralisk  
  157  12:10  Hydralisk x5  
  157  12:12  Zergling x2  
  157  12:14  Hydralisk  
  157  12:15  Zergling x2  
  171  12:19  Hydralisk x2  
  171  12:22  Hydralisk  
  177  12:26  Hydralisk, Infestation Pit  
  177  12:28  Hydralisk  
  180  12:35  Hydralisk x3  
  180  12:36  Zergling x2  
  185  12:38  Zergling x2  
  185  12:39  Hydralisk  
  185  12:42  Hydralisk  
  183  12:44  Hydralisk  
  183  12:46  Zergling x4  
  183  12:48  Zergling x2  
  188  12:52  Hydralisk x2  
  192  13:01  Hydralisk x2  
  192  13:02  Zergling x2  
  192  13:03  Zergling x8  
  192  13:04  Hydralisk  
  192  13:05  Zergling x2  
  190  13:07  Zergling x4  
  190  13:09  Hydralisk  
  190  13:11  Hydralisk  
  189  13:13  Zergling x4  
  189  13:15  Zergling x2  
  189  13:18  Hydralisk  
  189  13:19  Zergling x2  
  188  13:20  Zergling x2  
  188  13:22  Zergling x4  
  188  13:23  Drone  
  188  13:25  Hydralisk  
  184  13:28  Hydralisk  
  184  13:31  Hydralisk  
  184  13:33  Zergling x4  
Tags
 
Add a new tag
Caveats
  • Supply blocks, unpowered buildings, or Contaminate may cause inaccurate times.
  • Supply counts are checked every 10 seconds.